[ AOE2 MATCH · #491430871 ]
UnrankedGurjaras vs Shu
Player's team · LOSS
Rival team · WIN
[ REPLAY ANALYSIS · EXTRACTED FROM THE RECORDED GAME ]
Feudal
9:13
Castle
19:46
Imperial
—
| APM avg | 71.7 |
| APM peak | 113 |
| eAPM avg | 31.0 |
| Villagers / military | 99 / 53 |
Focus
⚔️ 45.8% · 🌾 54.2%
Scout Cavalry ×36 · Mangonel ×7 · Camel Scout ×7 · Chakram Thrower ×3
Feudal
10:32
Castle
15:02
Imperial
—
| APM avg | 44.9 |
| APM peak | 74 |
| eAPM avg | 21.1 |
| Villagers / military | 96 / 13 |
Focus
⚔️ 23.6% · 🌾 76.4%
Unknown (1962) ×22 · Unknown (1959) ×9 · Mangonel ×6 · Monk ×4 · Battering Ram ×3
Match map
Initial resources + every placement click. Lines = walls · curves = elevation contours. ◆ gold · ⬟ stone · ● berries · ✦ relic · ◌ wall gap
Your base· Open — 5t gap
slimeofmind's base· Open — unwalled flank
Smoothed initial terrain · ◌ = detected wall gap · hover for details
Inputs per minute
— Fabrizio 094455 - - slimeofmind
Build order — Fabrizio 094455
First 150 of 285 actions detected
| 0:01 | Create | Villager (Male) |
| 0:01 | Create | Villager (Male) |
| 0:02 | Build | House |
| 0:04 | Build | House |
| 0:11 | Create | Villager (Male) |
| 0:11 | Create | Villager (Male) |
| 0:21 | Build | Mill |
| 1:48 | Create | Villager (Male) |
| 1:49 | Create | Villager (Male) |
| 1:50 | Create | Villager (Male) |
| 2:28 | Create | Villager (Male) |
| 2:35 | Create | Villager (Male) |
| 2:35 | Create | Villager (Male) |
| 3:25 | Create | Villager (Male) |
| 3:46 | Create | Villager (Male) |
| 3:46 | Create | Villager (Male) |
| 4:05 | Build | Lumber Camp |
| 4:32 | Build | House |
| 4:45 | Create | Villager (Male) |
| 5:00 | Build | Lumber Camp |
| 5:04 | Create | Villager (Male) |
| 5:22 | Create | Villager (Male) |
| 6:10 | Create | Villager (Male) |
| 6:11 | Research | Loom |
| 7:03 | Research | Feudal Age |
| 8:05 | Build | Barracks |
| 8:32 | Build | House |
| 8:32 | Build | Palisade Wall |
| 8:52 | Create | Villager (Male) |
| 9:13 | Age | Feudal Age |
| 9:14 | Build | Stable |
| 9:15 | Research | Double-Bit Axe |
| 9:15 | Research | Double-Bit Axe |
| 9:28 | Research | Horse Collar |
| 9:28 | Research | Horse Collar |
| 9:31 | Build | Farm |
| 9:35 | Create | Villager (Male) |
| 9:46 | Create | Villager (Male) |
| 9:57 | Create | Scout Cavalry |
| 9:59 | Build | House |
| 10:07 | Build | Farm |
| 10:09 | Create | Scout Cavalry |
| 10:18 | Build | Farm |
| 10:22 | Create | Villager (Male) |
| 10:38 | Build | Palisade Wall |
| 10:42 | Build | Farm |
| 10:50 | Create | Villager (Male) |
| 10:59 | Create | Scout Cavalry |
| 11:21 | Build | Farm |
| 11:25 | Create | Villager (Male) |
| 11:36 | Build | House |
| 11:49 | Create | Villager (Male) |
| 12:15 | Create | Scout Cavalry |
| 12:38 | Create | Scout Cavalry |
| 12:38 | Create | Villager (Male) |
| 12:44 | Build | House |
| 12:45 | Create | Villager (Male) |
| 12:47 | Build | Farm |
| 12:48 | Build | Farm |
| 12:50 | Create | Villager (Male) |
| 12:54 | Build | Farm |
| 12:58 | Create | Villager (Male) |
| 13:02 | Build | Blacksmith |
| 13:06 | Build | Palisade Wall |
| 13:14 | Build | House |
| 13:19 | Build | Farm |
| 13:20 | Build | Farm |
| 13:32 | Build | Farm |
| 13:33 | Build | Farm |
| 13:46 | Build | Palisade Wall |
| 13:54 | Build | Palisade Wall |
| 13:56 | Build | Palisade Wall |
| 14:03 | Create | Villager (Male) |
| 14:15 | Build | House |
| 14:18 | Build | Palisade Wall |
| 14:19 | Build | Palisade Wall |
| 14:19 | Build | Palisade Wall |
| 14:41 | Build | Mining Camp |
| 14:42 | Create | Villager (Male) |
| 15:18 | Create | Villager (Male) |
| 15:18 | Create | Villager (Male) |
| 15:28 | Build | Blacksmith |
| 15:55 | Create | Villager (Male) |
| 17:06 | Research | Castle Age |
| 17:06 | Research | Castle Age |
| 17:30 | Build | Stable |
| 17:32 | Create | Scout Cavalry |
| 17:35 | Research | Scale Barding Armor |
| 17:36 | Research | Scale Barding Armor |
| 17:40 | Create | Scout Cavalry |
| 17:44 | Research | Forging |
| 17:44 | Research | Forging |
| 18:05 | Research | Bloodlines |
| 18:06 | Research | Bloodlines |
| 18:12 | Build | Lumber Camp |
| 18:17 | Build | Farm |
| 18:19 | Build | Farm |
| 18:20 | Create | Scout Cavalry |
| 18:37 | Build | House |
| 18:39 | Build | House |
| 18:56 | Create | Scout Cavalry |
| 18:56 | Create | Scout Cavalry |
| 19:33 | Create | Villager (Male) |
| 19:40 | Create | Scout Cavalry |
| 19:40 | Create | Scout Cavalry |
| 19:46 | Create | Villager (Male) |
| 19:46 | Age | Castle Age |
| 19:54 | Create | Camel Scout |
| 19:54 | Create | Camel Scout |
| 19:54 | Create | Camel Scout |
| 20:01 | Create | Villager (Male) |
| 20:22 | Create | Villager (Male) |
| 20:33 | Create | Villager (Male) |
| 20:33 | Create | Villager (Male) |
| 21:15 | Create | Villager (Male) |
| 21:16 | Create | Villager (Male) |
| 21:25 | Build | Town Center |
| 21:30 | Build | Farm |
| 21:36 | Create | Villager (Male) |
| 21:41 | Research | Bow Saw |
| 21:41 | Research | Bow Saw |
| 21:45 | Create | Camel Scout |
| 21:46 | Create | Camel Scout |
| 22:05 | Create | Villager (Male) |
| 22:11 | Create | Villager (Male) |
| 22:20 | Create | Villager (Male) |
| 22:28 | Create | Villager (Male) |
| 22:44 | Build | Farm |
| 22:44 | Build | Farm |
| 22:45 | Create | Villager (Male) |
| 22:50 | Build | Farm |
| 22:50 | Build | Farm |
| 22:50 | Build | Farm |
| 22:51 | Build | Farm |
| 22:51 | Build | Farm |
| 22:52 | Create | Camel Scout |
| 22:52 | Create | Camel Scout |
| 22:56 | Research | Light Cavalry (upgrade) |
| 22:59 | Create | Villager (Male) |
| 23:04 | Build | House |
| 23:07 | Create | Villager (Male) |
| 23:07 | Create | Villager (Male) |
| 23:14 | Build | Farm |
| 23:19 | Create | Villager (Male) |
| 23:28 | Build | Farm |
| 23:31 | Build | Farm |
| 23:31 | Create | Villager (Male) |
| 23:48 | Create | Villager (Male) |
| 23:52 | Create | Villager (Male) |
| 23:55 | Build | Farm |
Build order — slimeofmind
First 150 of 254 actions detected
| 0:00 | Create | Villager (Male) |
| 0:01 | Build | House |
| 0:03 | Build | House |
| 0:08 | Create | Villager (Male) |
| 0:22 | Create | Villager (Male) |
| 0:22 | Create | Villager (Male) |
| 1:27 | Create | Villager (Male) |
| 1:53 | Build | Lumber Camp |
| 1:56 | Create | Villager (Male) |
| 1:56 | Create | Villager (Male) |
| 2:26 | Create | Villager (Male) |
| 2:53 | Create | Villager (Male) |
| 3:13 | Create | Villager (Male) |
| 3:32 | Build | House |
| 3:33 | Build | House |
| 3:38 | Create | Villager (Male) |
| 3:39 | Create | Villager (Male) |
| 4:12 | Create | Villager (Male) |
| 4:30 | Create | Villager (Male) |
| 5:27 | Create | Villager (Male) |
| 5:40 | Build | Mill |
| 5:44 | Create | Villager (Male) |
| 6:00 | Create | Villager (Male) |
| 6:18 | Create | Villager (Male) |
| 6:35 | Create | Villager (Male) |
| 6:51 | Create | Villager (Male) |
| 7:00 | Create | Villager (Male) |
| 8:22 | Research | Feudal Age |
| 8:40 | Research | Loom |
| 8:41 | Build | Farm |
| 8:42 | Build | Farm |
| 8:44 | Build | Farm |
| 8:46 | Build | Farm |
| 8:47 | Build | Farm |
| 8:50 | Build | Farm |
| 9:14 | Build | Farm |
| 9:19 | Build | Palisade Wall |
| 9:21 | Build | Palisade Wall |
| 9:24 | Build | Palisade Wall |
| 9:27 | Build | Palisade Wall |
| 9:35 | Build | Palisade Wall |
| 9:36 | Build | Palisade Wall |
| 10:19 | Build | House |
| 10:32 | Age | Feudal Age |
| 10:34 | Build | Market |
| 10:39 | Create | Villager (Male) |
| 10:45 | Build | Palisade Wall |
| 11:04 | Build | Palisade Wall |
| 11:08 | Create | Villager (Male) |
| 11:32 | Build | Blacksmith |
| 11:39 | Build | House |
| 11:52 | Build | Palisade Wall |
| 12:22 | Research | Castle Age |
| 12:45 | Create | Villager (Male) |
| 12:50 | Build | House |
| 12:59 | Build | Mining Camp |
| 13:30 | Research | Double-Bit Axe |
| 15:02 | Age | Castle Age |
| 15:04 | Build | Siege Workshop |
| 15:07 | Research | Bow Saw |
| 15:10 | Create | Villager (Male) |
| 15:47 | Create | Unit 1962 |
| 15:49 | Create | Villager (Male) |
| 15:55 | Build | Siege Workshop |
| 16:02 | Create | Villager (Male) |
| 16:12 | Create | Unit 1962 |
| 16:29 | Create | Villager (Male) |
| 16:31 | Build | Farm |
| 16:40 | Build | Farm |
| 16:47 | Create | Unit 1962 |
| 17:14 | Build | Palisade Wall |
| 17:21 | Create | Villager (Male) |
| 17:22 | Create | Unit 1962 |
| 17:22 | Create | Unit 1962 |
| 17:50 | Create | Villager (Male) |
| 17:51 | Create | Villager (Male) |
| 17:53 | Create | Unit 1962 |
| 17:53 | Create | Unit 1962 |
| 17:56 | Build | Farm |
| 17:57 | Build | Farm |
| 18:00 | Build | Palisade Wall |
| 18:17 | Create | Unit 1962 |
| 18:28 | Create | Villager (Male) |
| 18:28 | Create | Villager (Male) |
| 19:13 | Build | Farm |
| 19:14 | Build | Farm |
| 19:16 | Build | Farm |
| 19:18 | Build | Farm |
| 19:20 | Create | Villager (Male) |
| 19:24 | Create | Mangonel |
| 19:50 | Create | Villager (Male) |
| 19:50 | Create | Villager (Male) |
| 20:02 | Create | Mangonel |
| 20:08 | Create | Unit 1962 |
| 20:08 | Create | Unit 1962 |
| 20:10 | Create | Villager (Male) |
| 20:33 | Build | Monastery |
| 20:36 | Create | Unit 1962 |
| 20:42 | Build | Farm |
| 20:43 | Build | Farm |
| 20:44 | Build | House |
| 20:45 | Build | House |
| 21:24 | Create | Unit 1962 |
| 21:24 | Create | Unit 1962 |
| 21:25 | Create | Villager (Male) |
| 21:34 | Build | Monastery |
| 21:48 | Build | Palisade Wall |
| 21:49 | Build | Palisade Wall |
| 22:03 | Create | Villager (Male) |
| 22:06 | Create | Unit 1962 |
| 22:19 | Create | Villager (Male) |
| 22:22 | Build | Lumber Camp |
| 22:24 | Build | Farm |
| 22:25 | Build | Farm |
| 22:26 | Build | Farm |
| 22:34 | Build | Farm |
| 22:35 | Create | Unit 1962 |
| 22:51 | Build | Farm |
| 22:52 | Create | Villager (Male) |
| 22:54 | Create | Unit 1962 |
| 23:12 | Build | Farm |
| 23:14 | Create | Villager (Male) |
| 23:27 | Build | Mining Camp |
| 23:35 | Create | Monk |
| 23:46 | Create | Villager (Male) |
| 23:46 | Create | Villager (Male) |
| 24:05 | Build | Siege Workshop |
| 24:10 | Create | Monk |
| 24:15 | Build | House |
| 24:16 | Build | House |
| 24:17 | Build | House |
| 24:18 | Build | House |
| 24:19 | Build | House |
| 24:22 | Create | Villager (Male) |
| 25:00 | Create | Villager (Male) |
| 25:05 | Create | Unit 1962 |
| 25:07 | Create | Unit 1962 |
| 25:25 | Create | Villager (Male) |
| 25:26 | Build | House |
| 25:34 | Create | Monk |
| 25:41 | Create | Mangonel |
| 25:43 | Create | Villager (Male) |
| 25:43 | Create | Villager (Male) |
| 25:51 | Research | Gold Mining |
| 26:06 | Build | House |
| 26:12 | Create | Mangonel |
| 26:39 | Build | House |
| 26:57 | Create | Unit 1962 |
| 26:57 | Create | Unit 1962 |
| 26:58 | Create | Villager (Male) |
Match timeline
| 8:05 | Fabrizio 094455 · first_building Barracks |
| 8:32 | Fabrizio 094455 · wall_segment Palisade Wall x1 |
| 9:13 | Fabrizio 094455 · age_up feudal |
| 9:14 | Fabrizio 094455 · first_building Stable |
| 9:19 | slimeofmind · wall_segment Palisade Wall x1 |
| 9:21 | slimeofmind · wall_segment Palisade Wall x6 |
| 9:24 | slimeofmind · wall_segment Palisade Wall x1 |
| 9:27 | slimeofmind · wall_segment Palisade Wall x3 |
| 9:35 | slimeofmind · wall_segment Palisade Wall x1 |
| 9:36 | slimeofmind · wall_segment Palisade Wall x1 |
| 10:32 | slimeofmind · age_up feudal |
| 10:38 | Fabrizio 094455 · wall_segment Palisade Wall x6 |
| 10:45 | slimeofmind · wall_segment Palisade Wall x4 |
| 11:04 | slimeofmind · wall_segment Palisade Wall x6 |
| 11:52 | slimeofmind · wall_segment Palisade Wall x1 |
| 12:21 | slimeofmind · first_market_sell 100 stone |
| 13:06 | Fabrizio 094455 · wall_segment Palisade Wall x10 |
| 13:46 | Fabrizio 094455 · wall_segment Palisade Wall x1 |
| 13:54 | Fabrizio 094455 · wall_segment Palisade Wall x15 |
| 13:56 | Fabrizio 094455 · wall_segment Palisade Wall x9 |
| 14:18 | Fabrizio 094455 · wall_segment Palisade Wall x3 |
| 14:19 | Fabrizio 094455 · wall_segment Palisade Wall x1 |
| 14:19 | Fabrizio 094455 · wall_segment Palisade Wall x1 |
| 15:02 | slimeofmind · age_up castle |
| 15:04 | slimeofmind · first_building Siege Workshop |
| 15:15 | slimeofmind · first_market_buy 100 food |
| 17:14 | slimeofmind · wall_segment Palisade Wall x1 |
| 18:00 | slimeofmind · wall_segment Palisade Wall x1 |
| 19:46 | Fabrizio 094455 · age_up castle |
| 20:33 | slimeofmind · first_building Monastery |
| 21:48 | slimeofmind · wall_segment Palisade Wall x1 |
| 21:49 | slimeofmind · wall_segment Palisade Wall x1 |
| 27:04 | Fabrizio 094455 · first_building Siege Workshop |
| 29:07 | slimeofmind · first_building Barracks |
| 29:18 | slimeofmind · first_building Castle |
| 29:27 | slimeofmind · wall_segment Stone Wall x1 |
| 29:28 | slimeofmind · wall_segment Palisade Wall x1 |
| 29:29 | slimeofmind · wall_segment Palisade Wall x1 |
| 29:30 | slimeofmind · wall_segment Palisade Wall x1 |
| 32:05 | Fabrizio 094455 · first_market_buy 100 stone |
| 32:22 | Fabrizio 094455 · first_building Castle |
| 37:14 | Fabrizio 094455 · resign |
[ AI ANALYSIS · 1 CREDIT ]
What really happened in this match?
Wolo.gg analyzes every decision: build order, eco, micro, common mistakes by bracket. Personalized analysis on WhatsApp or Discord in 30 seconds.
Civ guide
Gurjaras
Perfil
Jugador #5843090